[Event "Titled Tuesday Blitz July 25 Late 2023"]
[White "Arnold, Ken"]
[Black "Elsa167"]
[WhiteFideId "2056836"]
[WhiteElo "2426"]
[BlackElo "2767"]
[Result "1/2-1/2"]
[Round "2"]
[TimeControl "180+2"]
[Date "2023.07.25"]
[WhiteClock "0:00:12"]
[BlackClock "0:00:08"]
[Board "101"]

1. d4 Nf6 2. c4 e6 3. Nf3 c5 4. e3 a6 5. Nc3 b6 6. dxc5 Bxc5 7. Be2 Bb7 8. a3 O-O 9. b4 Be7 10. Bb2 d6 11. Rc1 Nbd7 12. O-O Rc8 13. Qb3 Rc7 14. Rfd1 Qa8 15. Ne1 Rfc8 16. Na4 Bc6 17. Bf3 Ne4 18. Nc3 Nef6 19. Ne2 b5 20. cxb5 axb5 21. Nd4 Bxf3 22. Nexf3 Qb7 23. h3 Rc4 24. Nd2 Rxc1 25. Rxc1 Rxc1+ 26. Bxc1 e5 27. Nf5 Bf8 28. Qd3 d5 29. Bb2 g6 30. Ng3 Qc6 31. e4 d4 32. Ne2 Bh6 33. f4 Qb6 34. g3 Nh5 35. Kh2 exf4 36. g4 Ng3 37. Bxd4 Qd6 38. Nxg3 fxg3+ 39. Kg2 Ne5 40. Qc3 Nc6 41. Be3 Bg7 42. Qc2 Be5 43. Nf3 Bf4 44. Qe2 Bxe3 45. Qxe3 Kg7 46. e5 Qd5 47. Kxg3 Nd8 48. Qf4 Ne6 49. Qf6+ Kg8 50. h4 Qd3 51. h5 Qe3 52. hxg6 hxg6 53. g5 Qxa3 54. Qe7 Qe3 55. Qd6 Qf4+ 56. Kg2 Kg7 57. Qd5 Nxg5 58. Nxg5 Qxg5+ 59. Kf2 Qf5+ 60. Ke3 Qh3+ 61. Kd4 Qg4+ 62. Kc5 Qe2 63. Qd6 Qc4+ 64. Kb6 g5 65. Qf6+ Kf8 66. Qxg5 Qxb4 67. Qd8+ Kg7 68. Qg5+ Kh7 69. Qh5+ Kg8 70. Qg5+ Kh8 71. Qh5+ Kg8 72. Qg5+ Kf8 73. Qd8+ Kg7 74. Qg5+ Kf8 1/2-1/2


[Site "https://www.chess.com"]

[Event "Titled Tuesday Blitz July 25 Late 2023"]
[White "Bettalli, Francesco"]
[Black "Ehlvest, Jaan"]
[WhiteFideId "2816453"]
[BlackFideId "4500016"]
[WhiteElo "2424"]
[BlackElo "2626"]
[Result "1/2-1/2"]
[Round "2"]
[TimeControl "180+2"]
[Date "2023.07.25"]
[WhiteClock "0:00:09"]
[BlackClock "0:00:11"]
[Board "102"]

1. e4 g6 2. d4 Bg7 3. Nc3 c6 4. h3 d5 5. e5 Nh6 6. g4 f6 7. f4 O-O 8. Nf3 fxe5 9. dxe5 b5 10. Be3 b4 11. Ne2 Nd7 12. Ng3 e6 13. a3 bxa3 14. Rxa3 c5 15. Bb5 d4 16. Bc6 Rb8 17. Bc1 Qb6 18. Be4 Nf7 19. h4 Bb7 20. h5 g5 21. Qe2 c4 22. Bxb7 Qxb7 23. h6 Nxh6 24. Nxg5 d3 25. cxd3 Qb4+ 26. Bd2 Qxb2 27. Rxa7 Nc5 28. O-O Nb3 29. Nxe6 Rf7 30. Rxf7 Nxf7 31. Be3 Qxe2 32. Nxe2 cxd3 33. N2d4 Nxd4 34. Bxd4 Nd8 35. Nxg7 Kxg7 36. e6+ Kf8 37. f5 Nc6 38. Bc5+ Ke8 39. Rd1 Rb5 40. Ba3 Ne5 41. f6 Rd5 42. f7+ Nxf7 43. exf7+ Kxf7 44. Kf2 Kg6 45. Kf3 h5 46. gxh5+ Rxh5 47. Ke4 Rh4+ 48. Kxd3 Rh3+ 49. Ke4 Rxa3 50. Rd6+ Kf7 51. Rb6 1/2-1/2


[Site "https://www.chess.com"]

[Event "Titled Tuesday Blitz July 25 Late 2023"]
[White "Alahakoon, Isuru"]
[Black "Tanaka, Taira Tyler"]
[WhiteFideId "9900993"]
[BlackFideId "7002351"]
[WhiteElo "2346"]
[BlackElo "2607"]
[Result "0-1"]
[Round "2"]
[TimeControl "180+2"]
[Date "2023.07.25"]
[WhiteClock "0:00:00"]
[BlackClock "0:00:25"]
[Board "103"]

1. Nf3 Nf6 2. d4 g6 3. Nc3 Bg7 4. e4 d6 5. Bf4 O-O 6. Qd2 a6 7. O-O-O b5 8. Bd3 Bb7 9. e5 b4 10. exf6 bxc3 11. Qxc3 Bxf6 12. h4 c5 13. h5 Bxf3 14. gxf3 Nc6 15. hxg6 hxg6 16. Qc4 d5 17. Qxc5 Nxd4 18. c3 Rc8 19. Qa3 Ne6 20. Be3 d4 21. Be4 Qb6 22. Bd2 dxc3 23. Bxc3 Rxc3+ 24. bxc3 Rc8 25. Rd3 Nf4 26. Re3 Bd4 27. Kd2 Bxe3+ 28. fxe3 Rd8+ 29. Kc2 Qxe3 30. Qb3 Ne2 31. Kb1 Nxc3+ 32. Ka1 Qd4 0-1


[Site "https://www.chess.com"]

[Event "Titled Tuesday Blitz July 25 Late 2023"]
[White "Senft, Sean"]
[Black "Gascon Del Nogal, Jose Rafael"]
[WhiteFideId "2044960"]
[BlackFideId "3902463"]
[WhiteElo "2302"]
[BlackElo "2586"]
[Result "1-0"]
[Round "2"]
[TimeControl "180+2"]
[Date "2023.07.25"]
[WhiteClock "0:01:13"]
[BlackClock "0:00:18"]
[Board "104"]

1. d4 Nf6 2. c4 e6 3. Nc3 Bb4 4. Nf3 O-O 5. Bg5 h6 6. Bh4 b6 7. e3 Bb7 8. Bd3 g5 9. Nxg5 hxg5 10. Bxg5 Be7 11. e4 e5 12. dxe5 Nh7 13. Bh6 Bg5 14. Qg4 Kh8 15. Bxf8 Qxf8 16. h4 Bh6 17. Nd5 Nc6 18. f4 Qc5 19. Qh5 Bxf4 20. Rf1 Bg3+ 21. Kd1 Qd4 22. Kc2 Nxe5 23. Rad1 Bxd5 24. exd5 Nxc4 25. Qxh7# 1-0


[Site "https://www.chess.com"]

[Event "Titled Tuesday Blitz July 25 Late 2023"]
[White "Duarte, Leonardo"]
[Black "Sargsyan, Anna M."]
[WhiteFideId "110582"]
[BlackFideId "13308130"]
[WhiteElo "2318"]
[BlackElo "2578"]
[Result "1-0"]
[Round "2"]
[TimeControl "180+2"]
[Date "2023.07.25"]
[WhiteClock "0:00:02"]
[BlackClock "0:01:18"]
[Board "105"]

1. e4 c6 2. d4 d5 3. exd5 cxd5 4. Bd3 Nc6 5. c3 Nf6 6. h3 g6 7. Nf3 Bg7 8. O-O O-O 9. Re1 Bf5 10. Be2 Rc8 11. Nbd2 Ne4 12. Nf1 a6 13. Ne3 b5 14. Nxf5 gxf5 15. a3 e6 16. Bf4 Qb6 17. Rf1 a5 18. Ne5 Nxe5 19. Bxe5 Bxe5 20. dxe5 b4 21. cxb4 axb4 22. a4 Rc5 23. Bd3 Rfc8 24. Qh5 Qc7 25. Bxe4 fxe4 26. Qg5+ Kf8 27. Qh6+ Ke8 28. Qf6 d4 29. Qh8+ Kd7 30. Qxh7 Qxe5 31. Qxf7+ Kd6 32. a5 Rxa5 33. Rxa5 Qxa5 34. Qf4+ Qe5 35. Qd2 Qc5 36. Rd1 d3 37. Qf4+ Qe5 38. Qe3 Rc6 39. b3 Kd5 40. h4 Qb2 41. Qg5+ e5 42. Qg4 Rd6 43. Qg8+ Kd4 44. Qc4# 1-0


[Site "https://www.chess.com"]

[Event "Titled Tuesday Blitz July 25 Late 2023"]
[White "Musovic, Armin"]
[Black "Floresvillar Gonzalez, Luis Migu"]
[WhiteFideId "939935"]
[BlackFideId "5100542"]
[WhiteElo "2523"]
[BlackElo "2107"]
[Result "1-0"]
[Round "2"]
[TimeControl "180+2"]
[Date "2023.07.25"]
[WhiteClock "0:01:37"]
[BlackClock "0:01:09"]
[Board "106"]

1. a3 d5 2. Nc3 Nf6 3. d3 Bf5 4. Bg5 Nbd7 5. f3 c6 6. e4 Bg6 7. Nh3 h6 8. Bh4 Qc7 9. Bg3 e5 10. exd5 Nxd5 11. Nxd5 cxd5 12. d4 Bd6 13. dxe5 Bxe5 14. Qxd5 Bxg3+ 15. hxg3 O-O 16. Kf2 Qxc2+ 17. Kg1 Qc5+ 18. Qxc5 Nxc5 19. Nf4 Bh7 20. b4 Ne6 21. Nxe6 fxe6 22. Bc4 Rfe8 23. Re1 Kf7 24. Rh4 g5 25. Rxh6 Kg7 26. Rhxe6 Rxe6 27. Rxe6 Rc8 28. Re7+ Kh6 29. Be6 Rc2 30. Rxh7+ Kxh7 31. Bf5+ 1-0


[Site "https://www.chess.com"]

[Event "Titled Tuesday Blitz July 25 Late 2023"]
[White "Caruana, Fabiano"]
[Black "campochess"]
[WhiteFideId "2020009"]
[WhiteElo "3125"]
[BlackElo "2158"]
[Result "1-0"]
[Round "2"]
[TimeControl "180+2"]
[Date "2023.07.25"]
[WhiteClock "0:00:40"]
[BlackClock "0:00:00"]
[Board "107"]

1. c4 c6 2. h4 d5 3. h5 h6 4. b3 e5 5. Bb2 f6 6. Qc2 Ne7 7. e3 Na6 8. a3 Nc5 9. b4 Bf5 10. d3 Nd7 11. Nf3 Bh7 12. Nbd2 Nf5 13. e4 Ne7 14. Be2 Rc8 15. Nh4 b5 16. c5 f5 17. Ndf3 d4 18. O-O-O a5 19. exf5 Nxf5 20. Nxf5 Bxf5 21. Nh4 Bh7 22. f4 Be7 23. Nf3 Bf6 24. fxe5 Nxe5 25. Nxd4 axb4 26. axb4 O-O 27. Ne6 Qd5 28. Nxf8 Rxf8 29. Rhf1 Kh8 30. Qc3 Re8 31. Rxf6 gxf6 32. Bf3 Qe6 33. d4 Nxf3 34. d5 cxd5 35. gxf3 d4 36. Qxd4 Rf8 37. Qf4 1-0


[Site "https://www.chess.com"]

[Event "Titled Tuesday Blitz July 25 Late 2023"]
[White "Krzywda, Andrzej"]
[Black "Hamidi, Amir Mohammad"]
[WhiteFideId "1114565"]
[BlackFideId "12563285"]
[WhiteElo "2418"]
[BlackElo "2796"]
[Result "1-0"]
[Round "2"]
[TimeControl "180+2"]
[Date "2023.07.25"]
[WhiteClock "0:00:04"]
[BlackClock "0:00:00"]
[Board "109"]

1. e4 c6 2. d4 d5 3. e5 Bf5 4. h4 h5 5. Bd3 Bxd3 6. Qxd3 e6 7. Nf3 Qa5+ 8. Nbd2 Qa6 9. Qe3 Nh6 10. Qf4 Nf5 11. Nf1 c5 12. Ne3 Nxd4 13. Nxd4 cxd4 14. Qxd4 Nc6 15. Qf4 g6 16. b3 Bh6 17. Qf6 Rg8 18. Bb2 Qa5+ 19. Kf1 Bg7 20. Qf4 Qc7 21. Re1 O-O-O 22. Rh3 Bxe5 23. Bxe5 Nxe5 24. c4 d4 25. Nd5 exd5 26. Qxe5 dxc4 27. bxc4 Rge8 28. Qxc7+ Kxc7 29. Rxe8 Rxe8 30. Rd3 Rb8 31. Rxd4 Kc6 32. Ke2 Re8+ 33. Kd3 Re5 34. Rf4 f5 35. Rf3 Ra5 36. Kd4 Kd6 37. Rg3 Rxa2 38. Rxg6+ Kc7 39. f4 a5 40. Kc5 Rb2 41. Rg7+ Kc8 42. Kd6 Kb8 43. Ke5 a4 44. Kxf5 a3 45. Rg3 a2 46. Ra3 Kc7 47. g3 Kc6 48. Kg5 Kc5 49. f5 Kxc4 50. f6 b5 51. f7 b4 52. Rxa2 Rxa2 53. f8=Q Rf2 54. Qxf2 1-0


[Site "https://www.chess.com"]

[Event "Titled Tuesday Blitz July 25 Late 2023"]
[White "Uzcategui Rodriguez, Alejandro"]
[Black "Stoyanov, Tsvetan"]
[WhiteFideId "3903400"]
[BlackFideId "2917173"]
[WhiteElo "2414"]
[BlackElo "2775"]
[Result "0-1"]
[Round "2"]
[TimeControl "180+2"]
[Date "2023.07.25"]
[WhiteClock "0:00:00"]
[BlackClock "0:00:05"]
[Board "110"]

1. e4 c5 2. Nf3 d6 3. d4 cxd4 4. Nxd4 Nf6 5. Nc3 a6 6. Bc4 e6 7. Bb3 Be7 8. O-O b5 9. Qf3 Qc7 10. Qg3 O-O 11. Nf3 Bb7 12. Bh6 Ne8 13. Rfd1 Nd7 14. Bf4 b4 15. e5 bxc3 16. exd6 Bxd6 17. Rxd6 cxb2 18. Rb1 Nxd6 19. Bxd6 Qc3 20. Ne5 Qd2 21. Nd3 Rfd8 22. Bf4 Qe2 23. Bh6 g6 24. Nxb2 Nf6 25. Nd3 Nh5 26. Qc7 Qe4 27. f3 Qd4+ 28. Kh1 Bd5 29. Bxd5 exd5 30. Rb7 Qf6 31. Bg5 Qa1+ 32. Nc1 Rf8 33. g4 Rac8 34. Qb6 Ng7 0-1


[Site "https://www.chess.com"]

[Event "Titled Tuesday Blitz July 25 Late 2023"]
[White "Tsaruk, Maksim"]
[Black "Willy, Stephen"]
[WhiteFideId "13511173"]
[BlackFideId "30981468"]
[WhiteElo "2772"]
[BlackElo "2414"]
[Result "0-1"]
[Round "2"]
[TimeControl "180+2"]
[Date "2023.07.25"]
[WhiteClock "0:00:01"]
[BlackClock "0:00:08"]
[Board "111"]

1. e4 d6 2. Nf3 Nf6 3. Nc3 g6 4. d4 c6 5. Bg5 Bg7 6. Qd2 h6 7. Bxf6 Bxf6 8. O-O-O b5 9. e5 Bg7 10. Ne4 Be6 11. Kb1 a5 12. Bd3 Na6 13. Rhe1 Nb4 14. a3 Nxd3 15. Qxd3 O-O 16. h4 Qc7 17. h5 Bf5 18. Nh4 dxe5 19. Qg3 Bxe4 20. Rxe4 f5 21. Qb3+ Kh7 22. hxg6+ Kh8 23. Ree1 exd4 24. Qe6 Qd6 25. Qxe7 Qxe7 26. Rxe7 Kg8 27. Nf3 Rae8 28. Rde1 Rxe7 29. Rxe7 c5 30. Rb7 b4 31. axb4 axb4 32. Ka2 Rf6 33. Rb8+ Bf8 34. Ne5 Kg7 35. Kb3 Re6 36. f4 Bd6 37. Rb7+ Re7 38. Rxe7+ Bxe7 39. Kc4 Bd6 40. Kd5 Bxe5 41. fxe5 b3 42. cxb3 d3 43. e6 d2 44. e7 d1=Q+ 45. Kc6 Qe2 46. Kd7 Qd3+ 47. Kc7 Qe4 48. Kd7 Qd5+ 49. Kc7 Qe6 50. e8=Q Qxe8 0-1


[Site "https://www.chess.com"]

[Event "Titled Tuesday Blitz July 25 Late 2023"]
[White "Fantastic_Power"]
[Black "Jiang, Andrew"]
[BlackFideId "30953510"]
[WhiteElo "2752"]
[BlackElo "2412"]
[Result "1-0"]
[Round "2"]
[TimeControl "180+2"]
[Date "2023.07.25"]
[WhiteClock "0:01:42"]
[BlackClock "0:01:16"]
[Board "112"]

1. Nf3 d5 2. e3 Nf6 3. c4 e6 4. Nc3 Be7 5. b3 O-O 6. Bb2 c5 7. cxd5 Nxd5 8. Qb1 Nc6 9. h4 f5 10. Nxd5 exd5 11. Bb5 Bf6 12. h5 h6 13. a3 Be6 14. Qc2 Qd6 15. Bxf6 Rxf6 16. Rc1 Rc8 17. Qxc5 Nd4 18. Qxc8+ Bxc8 19. Rxc8+ Kh7 20. Nxd4 Qxa3 21. O-O Qe7 22. Be8 Rf8 23. Nxf5 Qf6 24. Bg6+ Kg8 25. Rfc1 Qe6 26. Rxf8+ Kxf8 27. Rc7 Qb6 28. Rf7+ 1-0


[Site "https://www.chess.com"]

[Event "Titled Tuesday Blitz July 25 Late 2023"]
[White "Rios Escobar, Adan"]
[Black "Santos Ruiz, Miguel"]
[WhiteFideId "3403645"]
[BlackFideId "22291482"]
[WhiteElo "2410"]
[BlackElo "2751"]
[Result "0-1"]
[Round "2"]
[TimeControl "180+2"]
[Date "2023.07.25"]
[WhiteClock "0:00:00"]
[BlackClock "0:00:10"]
[Board "113"]

1. d4 c6 2. c4 d5 3. Nf3 Nf6 4. Nc3 e6 5. g3 Nbd7 6. Bg2 dxc4 7. O-O Bb4 8. Bg5 h6 9. Bf4 O-O 10. Rc1 b5 11. Ne5 Nxe5 12. Bxe5 Nd5 13. e4 Nxc3 14. bxc3 Be7 15. Qg4 f6 16. f4 fxe5 17. dxe5 Qc7 18. Rce1 Bd7 19. Qg6 Rad8 20. Bh3 Bc5+ 21. Kg2 Rde8 22. Bg4 Bc8 23. Qh5 Rd8 24. Qh3 Rd2+ 25. Kh1 Re8 26. Bh5 Red8 27. Bg4 Qe7 28. f5 Qg5 29. f6 Qxe5 30. fxg7 Kxg7 31. Bh5 Rf8 32. Rxf8 Bxf8 33. Qg4+ Qg5 34. Qf3 Qf6 35. Qg4+ Kh8 36. Qh3 e5 37. Bg4 Qf2 0-1


[Site "https://www.chess.com"]

[Event "Titled Tuesday Blitz July 25 Late 2023"]
[White "Schnaider, Ilan"]
[Black "Rakitic2010"]
[WhiteFideId "169013"]
[WhiteElo "2746"]
[BlackElo "2407"]
[Result "1-0"]
[Round "2"]
[TimeControl "180+2"]
[Date "2023.07.25"]
[WhiteClock "0:00:20"]
[BlackClock "0:00:00"]
[Board "114"]

1. e4 Nf6 2. e5 Nd5 3. d4 d6 4. c4 Nb6 5. exd6 cxd6 6. Nc3 g6 7. Be3 Bg7 8. Rc1 O-O 9. b3 e5 10. d5 f5 11. c5 dxc5 12. Bxc5 Re8 13. Nf3 N8d7 14. Ba3 Nf6 15. Bc4 Nxc4 16. bxc4 Qa5 17. Qb3 Bd7 18. O-O Rac8 19. Rfe1 e4 20. Nd4 a6 21. c5 Kh8 22. h3 h5 23. Nce2 Kh7 24. Bb4 Qa4 25. c6 Qxb3 26. axb3 bxc6 27. dxc6 Be6 28. Ra1 Nd5 29. Bc5 Ra8 30. Red1 Red8 31. Rac1 Bf7 32. b4 Rdc8 33. g4 hxg4 34. hxg4 f4 35. f3 e3 36. Kg2 g5 37. Nf5 Rxc6 38. Rxd5 Bxd5 39. Rh1+ Bh6 40. Ne7 Bxf3+ 41. Kxf3 Re6 42. Nf5 Rd8 43. Ned4 Rf6 44. Be7 Rxf5 45. Nxf5 Rd2 46. Rxh6+ Kg8 47. Nxe3 Rd3 48. Bc5 fxe3 49. Bxe3 Rb3 50. Rxa6 Rxb4 51. Bxg5 Kg7 52. Be3 Kf7 53. Ra5 Rc4 54. Rf5+ Kg7 55. Rf4 Rc3 56. Ke4 Rc4+ 57. Bd4+ Kg6 58. Rf5 Ra4 59. Ke3 Ra3+ 60. Kf4 Ra4 61. Rd5 Rb4 62. Rd6+ Kh7 63. Kf5 Rb5+ 64. Be5 Ra5 65. g5 Kg8 66. Rd8+ Kf7 67. Rd7+ Ke8 68. Rb7 Kf8 69. g6 Ke8 70. g7 Rxe5+ 71. Kxe5 1-0


[Site "https://www.chess.com"]

[Event "Titled Tuesday Blitz July 25 Late 2023"]
[White "Ai, Evan"]
[Black "Dimitrov, Atanas"]
[WhiteFideId "2094770"]
[BlackFideId "2901315"]
[WhiteElo "2406"]
[BlackElo "2697"]
[Result "1-0"]
[Round "2"]
[TimeControl "180+2"]
[Date "2023.07.25"]
[WhiteClock "0:00:13"]
[BlackClock "0:00:00"]
[Board "115"]

1. e4 c5 2. Nf3 d6 3. d4 cxd4 4. Nxd4 Nc6 5. Nc3 Nf6 6. Be2 e6 7. Be3 Be7 8. O-O O-O 9. f4 Nxd4 10. Qxd4 Bd7 11. Bf3 Bc6 12. Rad1 Qa5 13. a3 a6 14. Qd2 Qc7 15. g4 Rad8 16. g5 Nd7 17. Qg2 b5 18. h4 Nc5 19. h5 a5 20. Ne2 Qb7 21. Ng3 b4 22. axb4 axb4 23. f5 exf5 24. Bxc5 dxc5 25. Nxf5 Rfe8 26. Rxd8 Rxd8 27. g6 Bf6 28. gxf7+ Kf8 29. Qf2 Rd4 30. Qg3 Rd8 31. e5 Bxf3 32. exf6 g6 33. hxg6 hxg6 34. Qxg6 Qxf7 35. Qxf7+ Kxf7 36. Rxf3 Rd1+ 37. Kg2 Rd2+ 38. Rf2 Rd8 39. Ne3 Rg8+ 40. Kf1 Re8 41. Nc4 Re6 42. b3 Ra6 43. Ke2 Ra2 44. Kd3 Ra6 45. Ne5+ Kf8 46. Kc4 Re6 47. Kd5 Re8 48. f7 Rd8+ 49. Kxc5 Kg7 50. f8=Q+ Rxf8 51. Rxf8 Kxf8 52. Kxb4 Ke7 53. Kc5 Kd8 54. Nc4 Kc8 55. b4 Kb8 56. b5 Kc8 57. Kc6 Kb8 58. b6 Ka8 59. Ne5 Kb8 60. Nd7+ 1-0


[Site "https://www.chess.com"]

[Event "Titled Tuesday Blitz July 25 Late 2023"]
[White "Bryakin, Mikhail"]
[Black "Bazilius, Augustinas"]
[WhiteFideId "4165314"]
[BlackFideId "12832251"]
[WhiteElo "2678"]
[BlackElo "2404"]
[Result "1-0"]
[Round "2"]
[TimeControl "180+2"]
[Date "2023.07.25"]
[WhiteClock "0:02:26"]
[BlackClock "0:00:51"]
[Board "116"]

1. e4 c5 2. d4 cxd4 3. Qxd4 Nc6 4. Qd3 d6 5. Nf3 Nf6 6. Nc3 g6 7. Be2 Bg7 8. O-O O-O 9. Nd5 Bg4 10. c3 Nd7 11. h3 Nc5 12. Qc2 Be6 13. Rd1 Rc8 14. Bg5 h6 15. Be3 Nd7 16. Qd2 Kh7 17. h4 Nce5 18. Nd4 Bxd5 19. exd5 Nc4 20. Bxc4 Rxc4 21. h5 g5 22. Qd3+ 1-0


[Site "https://www.chess.com"]

[Event "Titled Tuesday Blitz July 25 Late 2023"]
[White "Vega Gutierrez, Sabrina"]
[Black "brm72"]
[WhiteFideId "2219026"]
[WhiteElo "2404"]
[BlackElo "2651"]
[Result "0-1"]
[Round "2"]
[TimeControl "180+2"]
[Date "2023.07.25"]
[WhiteClock "0:00:00"]
[BlackClock "0:01:07"]
[Board "117"]

1. e4 c6 2. d4 d5 3. e5 c5 4. dxc5 e6 5. a3 Bxc5 6. b4 Bb6 7. Nf3 a5 8. b5 Nd7 9. Bb2 Ne7 10. c4 a4 11. Nc3 Nc5 12. Ra2 O-O 13. Bd3 h6 14. Bb1 dxc4 15. O-O Nd3 16. Ba1 Nd5 17. Bxd3 Nxc3 18. Bxc3 Qxd3 19. Qxd3 cxd3 20. Rd1 Rd8 21. Ne1 Bd7 22. Rb2 Rac8 23. Rxd3 Be8 24. Rxd8 Rxd8 25. Rb4 Rd5 26. Rxa4 Bxb5 27. Ra8+ Kh7 28. Rb8 Bc6 29. g3 g5 30. Bb4 Rxe5 31. Kf1 Bb5+ 32. Kg2 Bc6+ 33. Kg1 Re2 34. Nd3 Be4 35. Ne5 Rxf2 36. Nc4 Bd4 37. Rd8 Bd5 0-1


[Site "https://www.chess.com"]

[Event "Titled Tuesday Blitz July 25 Late 2023"]
[White "Der_Balak_3Halak"]
[Black "Bjelobrk, Igor"]
[BlackFideId "4300726"]
[WhiteElo "2401"]
[BlackElo "2649"]
[Result "0-1"]
[Round "2"]
[TimeControl "180+2"]
[Date "2023.07.25"]
[WhiteClock "0:00:00"]
[BlackClock "0:00:15"]
[Board "118"]

1. b3 d5 2. Bb2 Nf6 3. e3 Bg4 4. Nf3 e6 5. Be2 Nbd7 6. d3 Bd6 7. Nbd2 O-O 8. O-O Qe7 9. e4 dxe4 10. dxe4 e5 11. a3 a5 12. Re1 Rfe8 13. Bc4 Nb6 14. Bb5 c6 15. Bf1 Nfd7 16. c4 f6 17. Rc1 Red8 18. Qc2 Bc5 19. Rcd1 Nf8 20. Be2 Nbd7 21. a4 Ne6 0-1


[Site "https://www.chess.com"]

[Event "Titled Tuesday Blitz July 25 Late 2023"]
[White "Skatchkov, Valery"]
[Black "Bueno, Alfeu Junior Varela"]
[WhiteFideId "24195812"]
[BlackFideId "2108879"]
[WhiteElo "2644"]
[BlackElo "2400"]
[Result "1-0"]
[Round "2"]
[TimeControl "180+2"]
[Date "2023.07.25"]
[WhiteClock "0:00:51"]
[BlackClock "0:00:00"]
[Board "119"]

1. d4 e6 2. c4 f5 3. Nc3 b6 4. Nf3 Bb4 5. Bd2 Bb7 6. e3 Nf6 7. Bd3 O-O 8. O-O d6 9. Ng5 Bxc3 10. Bxc3 Qe8 11. f3 Nbd7 12. Qb3 Kh8 13. Rae1 Qe7 14. a4 a5 15. Qb5 d5 16. cxd5 Ba6 17. Qxa6 Rxa6 18. Bxa6 Nxd5 19. Nh3 Nxc3 20. bxc3 e5 21. Nf2 Rd8 22. Nd3 h6 23. Bb5 e4 24. Nf4 Kh7 25. fxe4 fxe4 26. Nh5 Qg5 27. Ng3 Nf6 28. Rf5 Qg6 29. Bc6 Rd6 30. Bb7 c6 31. Bc8 Qe8 32. Ba6 h5 33. h4 Qe6 34. Rg5 Qb3 35. Bc8 Qxc3 36. Bf5+ Kg8 37. Re2 Qc1+ 38. Kh2 Qa1 39. Bg6 Qxa4 40. Bxh5 Nxh5 41. Nxh5 Rd7 42. Nf6+ Kf7 43. Nxd7 Ke6 44. Rxg7 Qb3 45. Rg6+ Kd5 46. Rc2 c5 47. Nxb6+ 1-0


[Site "https://www.chess.com"]

[Event "Titled Tuesday Blitz July 25 Late 2023"]
[White "Shuvalova, Polina"]
[Black "Davidson, Kevin"]
[WhiteFideId "24171760"]
[BlackFideId "2056810"]
[WhiteElo "2641"]
[BlackElo "2390"]
[Result "1-0"]
[Round "2"]
[TimeControl "180+2"]
[Date "2023.07.25"]
[WhiteClock "0:01:41"]
[BlackClock "0:00:00"]
[Board "120"]

1. f4 Nf6 2. Nf3 g6 3. g3 Bg7 4. Bg2 d6 5. O-O O-O 6. d3 c5 7. e4 Nc6 8. Nc3 Rb8 9. a4 a6 10. Kh1 b5 11. Be3 b4 12. Ne2 Ne8 13. d4 cxd4 14. Nexd4 Nxd4 15. Bxd4 Nc7 16. Bxg7 Kxg7 17. Qd4+ Kg8 18. Rad1 Ne6 19. Qe3 Qc7 20. f5 Nc5 21. Qh6 Nxe4 22. Rde1 Nf6 23. fxg6 fxg6 24. Ng5 Bb7 25. Rf2 Bxg2+ 26. Kxg2 e5 27. Kg1 Ng4 28. Rxf8+ Rxf8 29. Qxf8+ Kxf8 30. Ne6+ Ke7 31. Nxc7 Kd7 32. Nxa6 1-0


[Site "https://www.chess.com"]

[Event "Titled Tuesday Blitz July 25 Late 2023"]
[White "Aggelis, Nikolaos"]
[Black "dodoucb"]
[WhiteFideId "4213220"]
[WhiteElo "2622"]
[BlackElo "2390"]
[Result "0-1"]
[Round "2"]
[TimeControl "180+2"]
[Date "2023.07.25"]
[WhiteClock "0:00:19"]
[BlackClock "0:01:25"]
[Board "121"]

1. c4 Nf6 2. Nc3 e5 3. g3 Nc6 4. Bg2 Bb4 5. e3 O-O 6. Nge2 d6 7. O-O a6 8. a3 Ba5 9. b4 Bb6 10. d4 Re8 11. Bb2 exd4 12. exd4 Bg4 13. c5 Ba7 14. Qd2 dxc5 15. bxc5 Bxc5 16. d5 Ne5 17. Nf4 Nc4 18. Qc2 Nxb2 19. Qxb2 Rb8 20. h3 Bf5 21. Na4 Ba7 22. Rac1 Qd6 23. Rfd1 Ne4 24. Nh5 Bxf2+ 25. Kh2 Bxg3+ 26. Kh1 Be5 27. Qc2 Ng3+ 0-1


[Site "https://www.chess.com"]

[Event "Titled Tuesday Blitz July 25 Late 2023"]
[White "Herman, Daniel"]
[Black "Pinheiro, Iung Alicio de O."]
[WhiteFideId "30935008"]
[BlackFideId "2104350"]
[WhiteElo "2389"]
[BlackElo "2620"]
[Result "1-0"]
[Round "2"]
[TimeControl "180+2"]
[Date "2023.07.25"]
[WhiteClock "0:00:35"]
[BlackClock "0:00:00"]
[Board "122"]

1. c4 c5 2. Nf3 Nc6 3. e3 g6 4. d4 Bg7 5. d5 Na5 6. e4 d6 7. h3 Nf6 8. Bd3 O-O 9. O-O b5 10. cxb5 a6 11. bxa6 Bxa6 12. Bxa6 Rxa6 13. Nc3 Nd7 14. a4 Qa8 15. Nb5 Rc8 16. Bg5 Kf8 17. b3 c4 18. b4 Nb3 19. Ra2 Rxa4 20. Rxa4 Qxa4 21. Nbd4 Qxb4 22. Nc6 Rxc6 23. dxc6 Nb6 24. e5 d5 25. Be3 Nc8 26. Qxd5 1-0


[Site "https://www.chess.com"]

[Event "Titled Tuesday Blitz July 25 Late 2023"]
[White "Czernek, Tymon"]
[Black "Fernandez Diaz, Cristian"]
[WhiteFideId "1199510"]
[BlackFideId "22256687"]
[WhiteElo "2603"]
[BlackElo "2384"]
[Result "1-0"]
[Round "2"]
[TimeControl "180+2"]
[Date "2023.07.25"]
[WhiteClock "0:01:25"]
[BlackClock "0:00:00"]
[Board "123"]

1. e4 c5 2. Nf3 Nc6 3. d4 cxd4 4. Nxd4 g6 5. Nxc6 bxc6 6. c4 Nf6 7. Nc3 d6 8. Bd3 Bg7 9. O-O O-O 10. h3 Nd7 11. f4 Nc5 12. Bc2 Rb8 13. Qe2 Qa5 14. Rf3 Ba6 15. Kh1 Qb4 16. Bb3 Qa5 17. Bc2 Rb4 18. f5 Rxc4 19. Qf2 Bxc3 20. bxc3 Nxe4 21. Qxa7 Nxc3 22. Bb3 Nb5 23. Qxe7 Nd4 24. Bh6 Rb8 25. fxg6 1-0


[Site "https://www.chess.com"]

[Event "Titled Tuesday Blitz July 25 Late 2023"]
[White "Andrej2004"]
[Black "Haitin, Ilja"]
[BlackFideId "4501764"]
[WhiteElo "2590"]
[BlackElo "2377"]
[Result "1-0"]
[Round "2"]
[TimeControl "180+2"]
[Date "2023.07.25"]
[WhiteClock "0:02:04"]
[BlackClock "0:00:31"]
[Board "126"]

1. d4 b6 2. e4 Bb7 3. Nc3 e6 4. Nf3 Nf6 5. Bd3 Bb4 6. Qe2 d5 7. e5 Ne4 8. Bd2 Nxd2 9. Qxd2 c5 10. O-O Nc6 11. a3 Bxc3 12. bxc3 O-O 13. Qf4 f5 14. exf6 Qxf6 15. Qxf6 Rxf6 16. Rfe1 Raf8 17. dxc5 bxc5 18. Rab1 Bc8 19. c4 d4 20. Rb5 e5 21. Rxc5 Bb7 22. Be4 Ba8 23. Nxe5 Nxe5 24. Bxa8 Rxf2 25. Rcxe5 Rxc2 26. Bd5+ Kh8 27. Re8 Rf2 28. Bf3 Rf1+ 29. Kxf1 1-0


[Site "https://www.chess.com"]

[Event "Titled Tuesday Blitz July 25 Late 2023"]
[White "Campos, Maria Jose"]
[Black "Sivakumar, Shaashwath"]
[WhiteFideId "146803"]
[BlackFideId "30912156"]
[WhiteElo "2373"]
[BlackElo "2589"]
[Result "0-1"]
[Round "2"]
[TimeControl "180+2"]
[Date "2023.07.25"]
[WhiteClock "0:01:04"]
[BlackClock "0:00:11"]
[Board "127"]

1. c4 c6 2. g3 d5 3. Nf3 Nf6 4. Bg2 Bg4 5. Ne5 Bf5 6. cxd5 cxd5 7. O-O Nc6 8. Nf3 e5 9. d3 Be7 10. Nc3 O-O 11. Bg5 d4 12. Bxf6 Bxf6 13. Na4 Be7 14. Rc1 Be6 15. a3 Rc8 16. b4 b6 17. Nd2 Qd7 18. Rc2 Rc7 19. Qa1 Rfc8 20. Rfc1 Bf8 21. Nb2 Ne7 22. Qb1 Nd5 23. Rxc7 Rxc7 24. Rxc7 Qxc7 25. Nbc4 Nc3 26. Qe1 a5 27. bxa5 b5 28. Nb6 Bxa3 29. Ne4 Bb4 30. Qa1 Nxe2+ 31. Kf1 Nc3 32. Ng5 Bf5 33. Ne4 Nxe4 34. dxe4 Bg4 35. Qb2 Bxa5 36. Nd5 Qc4+ 37. Kg1 Bc3 38. Qa3 h6 39. Qa8+ Kh7 40. Ne7 f6 41. Bf1 Qf7 42. Nd5 b4 43. Qb8 Bf3 44. Bd3 Qh5 45. Qb7 Qg5 46. Qf7 Bh5 47. Nxf6+ Qxf6 48. Qxh5 Qe6 49. Be2 b3 50. Bg4 Qf6 51. Bf5+ g6 52. Qd1 gxf5 53. Qxb3 fxe4 54. Qb7+ Kg6 55. Qxe4+ Qf5 56. Qc6+ Kf7 57. Qxh6 d3 58. Qc6 Bd4 59. Qc4+ Kg6 60. Qa2 Qxf2+ 61. Qxf2 d2 62. Qxd4 exd4 0-1


[Site "https://www.chess.com"]